 Dungeon Crawl Stone Soup version 0.22-a0-596-gfbd32a6 (webtiles) character file.

255 Hebeh the Chopper (level 5, -1/47 HPs)
             Began as a Minotaur Fighter on July 5, 2018.
             Succumbed to a water moccasin's poison
             ... on level 3 of the Dungeon.
             The game lasted 00:05:35 (1984 turns).

Hebeh the Chopper (Minotaur Fighter)                Turns: 1984, Time: 00:05:36

Health: -1/47      AC:  8    Str: 21    XL:     5   Next: 91%
Magic:  4/4        EV: 12    Int:  5    God:
Gold:   114        SH: 10    Dex: 15    Spells: 4/4 levels left

rFire    + . .     SeeInvis .   a - +0 war axe
rCold    x . .     Gourm    .   c - +0 shield
rNeg     . . .     Faith    .   i - +0 scale mail
rPois    .         Spirit   .   (helmet restricted)
rElec    .         Reflect  .   (no cloak)
rCorr    .         Harm     .   A - +0 pair of gloves
MR       .....                  (no boots)
Stlth    +.........             (no amulet)
HPRegen  0.15/turn              z - ring of fire
MPRegen  0.09/turn              (no ring)

@: agile, lethally poisoned (-1 -> -24), flying
A: retaliatory headbutt, horns 2
a: no special abilities


You were on level 3 of the Dungeon.
You were not hungry.

You visited 1 branch of the dungeon, and saw 3 of its levels.

You collected 114 gold pieces.

Inventory:

Hand Weapons
 a - a +0 war axe (weapon)
 b - a +0 hunting sling
Missiles
 n - 97 stones (quivered)
Armour
 c - a +0 shield (worn)
 i - a +0 scale mail (worn)
 A - a +0 pair of gloves (worn)
Jewellery
 z - a ring of fire (left hand)
Wands
 u - a wand of disintegration (9)
Scrolls
 e - a scroll of random uselessness {unknown}
 m - 3 scrolls of identify {unknown}
 o - a scroll of fear {unknown}
 p - 2 scrolls of remove curse {unknown}
 q - a scroll of amnesia {unknown}
 t - 2 scrolls of blinking {unknown}
 v - a scroll of enchant armour {unknown}
 x - a scroll of noise {unknown}
 y - a scroll of fog {unknown}
Potions
 d - 2 potions of might
 h - 2 potions of brilliance {unknown}
 j - a potion of lignification {unknown}
 k - a potion of curing {unknown}
 l - a potion of flight
 r - a potion of heal wounds {unknown}
 s - a potion of magic {unknown}
Comestibles
 f - 7 rations
 g - 3 chunks of flesh


   Skills:
 + Level 4.8 Fighting
 * Level 5.0 Axes
 + Level 0.1 Slings
 + Level 4.8 Armour
 + Level 4.8 Shields
 + Level 0.1 Evocations


You had 4 spell levels left.
You didn't know any spells.
Your spell library was empty.

Dungeon Overview and Level Annotations

Branches:
Dungeon (3/15)

Altars:


Innate Abilities, Weirdness & Mutations

You reflexively headbutt those who attack you in melee.
You have a pair of horns on your head.


Message History

* * * LOW HITPOINT WARNING * * *
You feel sick. The water moccasin bites you.
* * * LOW HITPOINT WARNING * * *
You hit the water moccasin.
The water moccasin is almost dead.
* * * LOW HITPOINT WARNING * * *
You feel sick. The water moccasin bites you.
* * * LOW HITPOINT WARNING * * *
You are more poisoned.
The water moccasin poisons you! You block the water moccasin's attack.
It was a potion of agility.
You feel agile all of a sudden.
* * * LOW HITPOINT WARNING * * *
You feel sick.
The water moccasin bites you but does no damage.
You block the water moccasin's attack.
It was a potion of flight.
You feel very buoyant.
You fly up into the air.
You die...

#.# ...###########
#.# .... ###.###.#.#
#####.......#.#
#.......#####.###
#.......# .....#
####.......# .....#
........######.....#
#######.#..@SS)....#
#.#.####.....# #.#.#
...$.# #.#.# .....#
####.#.# .....#
#....#.# .....#
#.####.# .%...# #.#
#.# ...?.# #.# #.#


You could see a water moccasin and an adder.

Vanquished Creatures
  Sigmund (D:2)
  2 adders
  An ooze (D:2)
  4 dart slugs
  5 bats
  3 giant cockroaches
  14 goblins
  4 hobgoblins
  12 jackals
  A ball python (D:3)
  3 frilled lizards
  4 kobolds (D:2)
  A rat (D:1)
55 creatures vanquished.

Vanquished Creatures (others)
  7 toadstools (D:1)
7 creatures vanquished.

Grand Total: 62 creatures vanquished

Notes
Turn   | Place    | Note
-------+----------+-------------------------------------------
     0 | D:1      | Hebeh the Minotaur Fighter began the quest for the Orb.
     0 | D:1      | Reached XP level 1. HP: 19/19 MP: 0/0
   130 | D:1      | Reached XP level 2. HP: 20/27 MP: 1/1
   200 | D:1      | Reached skill level 3 in Axes
   591 | D:2      | Reached XP level 3. HP: 33/33 MP: 2/2
   970 | D:2      | Noticed Sigmund
   980 | D:2      | Killed Sigmund
   980 | D:2      | Reached skill level 4 in Axes
   980 | D:2      | Reached XP level 4. HP: 23/41 MP: 3/3
   980 | D:2      | Reached XP level 5. HP: 27/47 MP: 4/4
  1619 | D:3      | Reached skill level 5 in Axes
  1964 | D:3      | Noticed a water moccasin
  1983 | D:3      | HP: 1/47 [poisoned by a water moccasin]
  1984 | D:3      | Succumbed to a water moccasin's poison

Vault maps used:
D:1:      nagdon_arrival_double_spiral
D:2:      uniq_sigmund
D:3:      first_ration

Skill      XL: |  1  2  3  4  5 |
---------------+----------------+-----
Axes           | 3 4 5 |  5.0
Armour         | 4 |  4.8
Shields        | 4 |  4.8
Fighting       | 4 |  4.8
Slings         | |  0.1
Evocations     | |  0.1

Action                   |  1- 3 |  4- 6 || total
-------------------------+-------+-------++-------
Melee: War axe           |    90 |    41 ||   131
       Headbutt          |    10 |     2 ||    12
  Use: Potion            |       |     2 ||     2
  Eat: Chunk             |       |     4 ||     4
Armor: Scale mail        |    51 |    21 ||    72
Dodge: Dodged            |    34 |    15 ||    49
Block: Shield            |    56 |    26 ||    82

Table legend:
 A = Spawn XP
 B = Non-spawn XP
 C = Spawn XP percentage of total XP
 D = Spawn monster count
 E = Non-spawn monster count
 F = Spawn count percentage of total count
 G = Total turns spent on level
                    A         B        C        D         E        F      G
               +---------+---------+-------+---------+---------+-------+---------
         Total |       0 |     365 |   0.0 |       0 |      55 |   0.0 |  1984
               +---------+---------+-------+---------+---------+-------+---------
           D:1 |       0 |      37 |   0.0 |       0 |      19 |   0.0 |   570
           D:2 |       0 |     295 |   0.0 |       0 |      25 |   0.0 |  1013
           D:3 |       0 |      33 |   0.0 |       0 |      11 |   0.0 |   401
               +---------+---------+-------+---------+---------+-------+---------
